AoeStats
← RedReddington

African Clearing

511036493Analyzed
4v4 RM · 7h ago on Oct 3, 2026· 45m 38s· 8 players
Game mode
Random Map
Map size
Large (8 player)
Population
200
Speed
Normal
Resources
Standard
Victory
Conquest
Starting age
Dark Age
Ending age
Imperial Age
RankedLock teamsTeams togetherTeam positionsShared explorationLock speedFull tech treeHidden civsTurbo modeCheats
Victory
Defeat
🇳🇱 Magyars · Netherlands
1030
+14
🇧🇷 Gurjaras · Brazil
1029
+14
🇹🇼 Poles · Taiwan
997
+15
🇵🇪 Franks · Peru
947
+18
🇩🇪 Ethiopians · Germany
1007
-16
🇮🇹 Burmese · Italy
976
-15
🇲🇹 Poles · Malta
969
-23
🇪🇸 Slavs · Spain
967
-15
Fenrir
10:02 Loom
14:04 Feudal Age
14:27 Man-at-Arms
16:01 Arson
23:41 Castle Age
23:13 Gold Mining
24:42 Gambesons
26:29 Forging
26:20 Scale Mail Armor
27:07 Squires
28:24 Long Swordsman
32:16 Horse Collar
33:30 Iron Casting
32:17 Pikeman
34:30 Stone Mining
35:33 Chain Mail Armor
35:57 Wheelbarrow
36:03 Heavy Plow
47:15 Imperial Age
Loki Stormbringer
4:20 Loom
17:04 Feudal Age
18:31 Wheelbarrow
17:43 Double-Bit Axe
22:42 Horse Collar
27:37 Castle Age
29:54 Hand Cart
29:50 Bow Saw
29:45 Heavy Plow
29:59 Thumb Ring
29:15 Crossbowman
31:19 Gold Mining
31:21 Fishing Lines
35:53 Town Watch
36:18 Husbandry
38:23 Scale Mail Armor
38:29 Scale Barding Armor
EmptyJet7586
3:37 Loom
16:46 Feudal Age
17:34 Double-Bit Axe
18:55 Stone Mining
23:58 Castle Age
24:05 Pikeman
26:15 Stone Shaft Mining
26:22 Gold Mining
26:27 Fletching
29:08 Bow Saw
29:35 Arson
29:52 Squires
31:31 Bodkin Arrow
33:47 Horse Collar
34:11 Scale Mail Armor
36:47 Imperial Age
34:09 Town Watch
35:00 Wheelbarrow
39:55 Town Patrol
40:10 Hand Cart
40:04 Town Patrol
Papadopoublas
3:38 Loom
4:30 Loom
13:13 Feudal Age
13:41 Horse Collar
22:23 Castle Age
21:48 Scale Mail Armor
23:25 Wheelbarrow
31:28 Gold Mining
36:06 Detinets
Juminican
11:03 Loom
15:12 Feudal Age
17:46 Town Watch
19:32 Wheelbarrow
19:41 Double-Bit Axe
24:38 Castle Age
23:15 Scale Barding Armor
23:29 Fletching
23:53 Forging
25:07 Gold Mining
25:33 Husbandry
25:59 Chain Barding Armor
31:25 Wheelbarrow
31:56 Bow Saw
35:25 Fletching
36:11 Iron Casting
39:08 Imperial Age
39:35 Cavalier
41:15 Paladin
42:34 Plate Barding Armor
43:10 Blast Furnace
RedReddington
12:00 Loom
14:24 Feudal Age
17:54 Wheelbarrow
17:05 Town Watch
17:42 Bloodlines
17:42 Horse Collar
21:05 Double-Bit Axe
25:35 Castle Age
25:15 Gold Mining
25:21 Stone Mining
26:43 Fletching
28:47 Padded Archer Armor
29:59 Bodkin Arrow
31:37 Bow Saw
32:32 Thumb Ring
36:50 Imperial Age
34:08 Town Watch
39:42 Hand Cart
40:18 Ballistics
42:02 Two-Man Saw
41:58 Parthian Tactics
43:43 Chemistry
42:54 Padded Archer Armor
43:01 Husbandry
44:19 Town Patrol
44:38 Masonry
44:24 Murder Holes
44:09 Treadmill Crane
45:42 Bracer
45:57 Leather Archer Armor
45:51 Scale Barding Armor
Dark_Knight
14:00 Feudal Age
12:32 Loom
16:21 Town Watch
19:16 Castle Age
17:29 Double-Bit Axe
18:25 Stone Mining
22:15 Stone Shaft Mining
24:17 Scale Mail Armor
24:27 Forging
27:44 Fletching
28:12 Squires
34:09 Chain Mail Armor
34:30 Iron Casting
37:45 Horse Collar
42:33 Bow Saw
45:38 Imperial Age
44:26 Masonry
44:27 Scale Barding Armor
44:49 Gold Mining
Luizin
10:29 Loom
12:42 Feudal Age
14:31 Double-Bit Axe
17:12 Horse Collar
20:12 Castle Age
19:50 Bloodlines
21:07 Husbandry
22:59 Forging
22:54 Scale Barding Armor
22:39 Town Watch
23:29 Wheelbarrow
25:14 Bow Saw
25:07 Heavy Plow
26:30 Wheelbarrow
28:40 Chain Barding Armor
28:33 Gold Mining
28:37 Fletching
30:35 Iron Casting
34:06 Hand Cart
33:51 Town Patrol
39:56 Imperial Age
37:28 Town Patrol
40:30 Gold Shaft Mining
39:45 Stone Mining
39:59 Heavy Camel Rider
42:53 Plate Barding Armor
43:02 Crop Rotation
43:06 Conscription
44:14 Ballistics
44:56 Chemistry
44:40 Elite Shrivamsha Rider
Connection lost

Rejoining the realm…

Still unreachable

The connection could not be restored.

Session expired

The server has moved on; the page needs a fresh start.